 Dungeon Crawl Stone Soup version 0.30-b1-7-gcb88a99046 (webtiles) character file.

Game seed: 13851618917183113725

135 RascalDebosk the Magician (level 5, 0/40 HPs)
             Began as a Djinni Conjurer on May 5, 2023.
             Slain by a crimson imp (2 damage)
             ... on level 3 of the Dungeon.
             The game lasted 00:09:21 (1594 turns).

RascalDebosk the Magician (Djinni Conjurer)         Turns: 1594, Time: 00:09:22

Health: 0/40       AC:  2    Str:  6    XL:     5   Next: 41%
Gold:   33         EV: 17    Int: 21    God:
                   SH:  0    Dex: 12

rFire   + + .        s - +0 dagger
rCold   x . .        (no shield)
rNeg    . . .        a - +0 robe
rPois   ∞            (no helmet)
rElec   .            (no cloak)
rCorr   .            (no gloves)
SInv    .            (boots unavailable)
Will    .....        (no amulet)
Stlth   ++           i - +5 ring of evasion
HPRegen 0.26/turn    (no ring)
MPRegen 0.00/turn

%: infuse magic (-1 HP)
@: flying, slowed, very slow
A: sickness immunity, fire resistance 2, cold vulnerability 1, float, innate
caster, HP casting, extra vitality 1
a: no special abilities


You were on level 3 of the Dungeon.
You visited 1 branch of the dungeon, and saw 3 of its levels.

You collected 33 gold pieces.

Inventory:

Hand Weapons
 e - a +1 whip of venom
 s - a +0 dagger (weapon)
Armour
 a - a +0 robe (worn)
Jewellery
 i - a +5 ring of evasion (left hand)
 l - a ring of fire
Scrolls
 b - 2 scrolls of teleportation {unknown}
 c - a scroll of silence {unknown}
 d - a scroll of vulnerability {unknown}
 f - 2 scrolls of summoning {unknown}
 j - 3 scrolls of identify {unknown}
 k - a scroll of amnesia {unknown}
 o - a scroll of fog {unknown}
 p - a scroll of noise {unknown}
Potions
 g - a potion of heal wounds {unknown}
 h - 2 potions of might {unknown}
 m - a potion of degeneration {unknown}
 n - a potion of attraction {unknown}


   Skills:
 * Level 3.1 Fighting
 - Level 2.1 Dodging
 - Level 1.5 Stealth
 * Level 4.2 Spellcasting


You knew the following spells:

 Your Spells              Type           Power      Damage    Failure   Level
a - Magic Dart            Conj           88%        1d7       1%          1
b - Searing Ray           Conj           44%        2d6       3%          2
c - Dazzling Flash        Conj/Hex       44%        N/A       6%          3
d - Fulminant Prism       Conj/Hex       11%        3d8       21%         4
e - Iskenderun's Mystic   Conj/Tloc      22%        2d6       21%         4
f - Slow                  Hex            88%        N/A       1%          1
g - Wereblood             Tmut           22%        N/A       3%          2
Your spell library was empty.

Dungeon Overview and Level Annotations

Branches:
Dungeon (3/15)

Altars:
Xom


Innate Abilities, Weirdness & Mutations

You are immune to sickness and miasma.
You are immune to poison.
Your flesh is very heat resistant. (rF++)
You are vulnerable to cold. (rC-)
You float through the air rather than walking.
You learn spells naturally, not from books.
Your magical power is your life essence.
You have superior vitality. (+4 MHP)


Message History

The crimson imp hits you but does no damage.
Casting: Magic Dart (safe; 2% risk of failure)
Confirm with . or Enter, or press ? or * to list all spells.
Aiming: Magic Dart (safe; 2% risk of failure)
Press: ? - help, Shift-Dir - straight line, f/p - crimson imp
Aim: a crimson imp (heavily wounded, 100% to hit)
The magic dart hits the crimson imp but does no damage.
The crimson imp is heavily wounded.
The crimson imp blinks!
Casting: Magic Dart (safe; 2% risk of failure)
Confirm with . or Enter, or press ? or * to list all spells.
You can't see any susceptible monsters within range! (Use Z to cast anyway.)
A crimson imp comes into view. It is wielding a +0 dagger of chaos.
The crimson imp shouts!
The crimson imp blinks!
There is an open door here.
Casting: Magic Dart (safe; 2% risk of failure)
Confirm with . or Enter, or press ? or * to list all spells.
Aiming: Searing Ray (safe; 3% risk of failure)
Press: ? - help, Shift-Dir - straight line, f - crimson imp
Aim: a crimson imp, wielding a +0 dagger of chaos (66% to hit)
The searing ray misses the crimson imp. (Press . to maintain the ray.)
* * * LOW HITPOINT WARNING * * *
The crimson imp hits you but does no damage.
The searing ray hits the crimson imp.
The crimson imp is heavily wounded.
* * * LOW HITPOINT WARNING * * *
The crimson imp hits you with a +0 dagger of chaos.
* * * LOW HITPOINT WARNING * * *
Casting: Searing Ray (safe; 3% risk of failure)
Confirm with . or Enter, or press ? or * to list all spells.
Aiming: Magic Dart (safe; 2% risk of failure)
Press: ? - help, Shift-Dir - straight line, f/p - crimson imp
Aim: a crimson imp, wielding a +0 dagger of chaos (moderately wounded, 100% to hit)
The magic dart hits the crimson imp.
The crimson imp is heavily wounded.
* * * LOW HITPOINT WARNING * * *
The crimson imp barely misses you. The crimson imp misses you.
The crimson imp hits you with a +0 dagger of chaos.
* * * LOW HITPOINT WARNING * * *
The crimson imp freezes you.
* * * LOW HITPOINT WARNING * * *
The crimson imp closely misses you.
Casting: Magic Dart (safe; 2% risk of failure)
Confirm with . or Enter, or press ? or * to list all spells.
Aiming: Searing Ray (safe; 3% risk of failure)
Press: ? - help, Shift-Dir - straight line, f/p - crimson imp
Aim: a crimson imp, wielding a +0 dagger of chaos (lightly wounded, 66% to hit)
The searing ray hits the crimson imp.
The crimson imp is heavily wounded. (Press . to maintain the ray.)
* * * LOW HITPOINT WARNING * * *
The crimson imp hits you with a +0 dagger of chaos.
* * * LOW HITPOINT WARNING * * *
You feel yourself slow down.
The searing ray hits the crimson imp!
The crimson imp is almost dead.
* * * LOW HITPOINT WARNING * * *
The crimson imp barely misses you.
The crimson imp hits you with a +0 dagger of chaos.
* * * LOW HITPOINT WARNING * * *
The crimson imp freezes you.
* * * LOW HITPOINT WARNING * * *
The searing ray hits the crimson imp.
You kill the crimson imp!
* * * LOW HITPOINT WARNING * * *
The crimson imp blinks!
The crimson imp barely misses you.
Your Fighting skill increases to level 3!
Casting: Searing Ray (safe; 3% risk of failure)
Confirm with . or Enter, or press ? or * to list all spells.
Restarting spell: Searing Ray (safe; 3% risk of failure)
Press: ? - help, Shift-Dir - straight line, f - crimson imp
Aim: a crimson imp (66% to hit)
Okay, then.
Casting: Searing Ray (safe; 3% risk of failure)
Confirm with . or Enter, or press ? or * to list all spells.
Aiming: Magic Dart (safe; 1% risk of failure)
Press: ? - help, Shift-Dir - straight line, f - crimson imp
Aim: a crimson imp (100% to hit)
The magic dart hits the crimson imp.
The crimson imp is lightly wounded.
* * * LOW HITPOINT WARNING * * *
The crimson imp closely misses you.
You barely miss the crimson imp.
The crimson imp is lightly wounded.
The crimson imp closely misses you.
The crimson imp shouts, "Turn tail, thou rough-hewn doghearted buzzard-bait!"
The crimson imp closely misses you.
You barely miss the crimson imp. The crimson imp closely misses you.
You hit the crimson imp.
The crimson imp is lightly wounded.
The crimson imp blinks! x2
The crimson imp closely misses you.
There is a shimmering altar of Xom here.
You barely miss the crimson imp. The crimson imp hits you.
* * * LOW HITPOINT WARNING * * *
The crimson imp hits you.
You die...

........ ........
........ ..:... ....
#### ##.. ####+####
...####... #.....^.#
...#..#. ###5@.###
#.#.##. #.^.).^.#
#...##. ####'####
##.####. #.##.# ##..# #.
#....# #...####. #.####
#.#.#.... ####.#
###†#+#####
#....#########......##
#.......................


You could see a crimson imp.

Vanquished Creatures
  2 crimson imps (D:3)
  An adder (D:3)
  2 worms (D:2)
  An orc (D:3)
  3 bats
  4 endoplasms
  3 giant cockroaches (D:1)
  2 goblins (D:1)
  6 hobgoblins
  4 jackals (D:1)
  3 quokkas
  7 ball pythons
  5 frilled lizards
  3 kobolds
  3 rats
49 creatures vanquished.

Notes
Turn   | Place    | Note
-------+----------+-------------------------------------------
     0 | D:1      | RascalDebosk the Djinni Conjurer began the quest for the
                  | Orb.
     0 | D:1      | RascalDebosk set off with the following spells memorised:
                  | Magic Dart, Searing Ray, Dazzling Flash, Fulminant Prism,
                  | Iskenderun's Mystic Blast.
     0 | D:1      | Reached XP level 1. HP: 15/15 MP: 0/0
    90 | D:1      | Reached XP level 2. HP: 18/22 MP: 0/0
   149 | D:1      | Reached skill level 1 in Fighting
   262 | D:1      | Reached XP level 3. HP: 8/27 MP: 0/0
   262 | D:1      | Learned a level 1 spell: Slow
   995 | D:2      | Found a faded altar of an unknown god.
  1104 | D:2      | Reached XP level 4. HP: 27/33 MP: 0/0
  1541 | D:3      | Found a shimmering altar of Xom.
  1548 | D:3      | Reached skill level 4 in Spellcasting
  1548 | D:3      | Reached XP level 5. HP: 32/40 MP: 0/0
  1548 | D:3      | Learned a level 2 spell: Wereblood
  1594 | D:3      | HP: 2/40 [crimson imp (2)]
  1594 | D:3      | Slain by a crimson imp

Illustrated notes

Levels and vault maps discovered:
D:1:      spicycebolla_green_bress_n_ham, layout_basic,
          chequers_serial_rivers_micro_a, nicolae_titane
D:2:      layout_rooms, ebering_ecumenical_altar_webs
D:3:      layout_basic, led_xom_imps, supply_closet_lemuel,
          kennysheep_generic_room_7, uniq_jessica, uniq_robin, uniq_sigmund

Skill      XL: |  1  2  3  4  5 |
---------------+----------------+-----
Fighting       | 1 2 3 |  3.1
Spellcasting   | 4 |  4.2
Dodging        | |  2.1
Stealth        | |  1.5

Action                     |  1- 3 |  4- 6 || total
---------------------------+-------+-------++-------
  Melee: Dagger            |       |     4 ||     4
   Cast: Magic Dart        |    78 |    42 ||   120
         Searing Ray       |     4 |     2 ||     6
 Armour: Robe              |     2 |     3 ||     5
  Dodge: Dodged            |     8 |    12 ||    20
